 Dungeon Crawl Stone Soup version 0.28-a0-556-gab23d0e057 (webtiles) character file.

Game seed: 10621910396468825173

1794 bande the Chopper (level 9, -9/54 HPs)
             Began as a Gargoyle Fighter on Sept 28, 2021.
             Was a Believer of Okawaru.
             Mangled by an orc warrior (11 damage)
             ... on level 6 of the Dungeon.
             The game lasted 00:12:26 (8340 turns).

bande the Chopper (Gargoyle Fighter)                Turns: 8340, Time: 00:12:26

Health: -9/54      AC:  1    Str: 25    XL:     9   Next: 9%
Magic:  11/11      EV:  7    Int: 16    God:    Okawaru [**....]
Gold:   345        SH:  5    Dex: 12    Spells: 8/8 levels left

rFire   . . .      SeeInvis .   a - +1 war axe
rCold   . . .      Faith    .   c - +0 buckler
rNeg    + . .      Spirit   .   A - +0 plate armour {rPois}
rPois   ∞          Reflect  .   n - +0 helmet
rElec   +          Harm     .   (no cloak)
rCorr   .          Rampage  .   i - +0 pair of gloves
Will    .....                   w - +1 pair of boots
Stlth   ..........              (no amulet)
HPRegen 0.18/turn               e - +6 ring of strength
MPRegen 0.12/turn               f - +6 ring of intelligence

@: corroded
A: sickness immunity, AC +6, negative energy resistance 1, electricity
resistance, torment resistance 1, petrification resistance, iridescent scales 1
a: Renounce Religion, Heroism


You were on level 6 of the Dungeon.
You worshipped Okawaru.
Okawaru was pleased with you.
You visited 2 branches of the dungeon, and saw 8 of its levels.

You collected 345 gold pieces.

Inventory:

Hand Weapons
 a - a +1 war axe (weapon)
 b - a +1 flail of protection
Armour
 c - a +0 buckler (worn)
 i - a +0 pair of gloves (worn)
 n - a +0 helmet (worn)
 w - a +1 pair of boots (worn)
 A - a +0 plate armour of poison resistance (worn)
Jewellery
 e - a +6 ring of strength (left hand)
 f - a +6 ring of intelligence (right hand)
 j - a ring of fire
 t - a +4 ring of protection
Wands
 h - a wand of flame (25)
 p - a wand of paralysis (7)
 u - a wand of polymorph (5)
Scrolls
 y - 2 scrolls of enchant weapon
 z - a scroll of immolation {unknown}
Potions
 d - 2 potions of might
 g - a potion of degeneration {unknown}
 k - 2 potions of magic
 l - a potion of heal wounds {unknown}
 m - 2 potions of flight
 o - 2 potions of mutation
 q - 4 potions of haste {unknown}
 r - a potion of lignification {unknown}
 s - a potion of curing {unknown}
 v - 3 potions of invisibility {unknown}
 x - a potion of cancellation {unknown}


   Skills:
 + Level 5.2 Fighting
 + Level 6.4 Axes
 + Level 6.0 Armour
 + Level 5.1 Shields
 + Level 0.4 Unarmed Combat
 * Level 3.8 Invocations
 * Level 3.9 Evocations


You had 8 spell levels left.
You didn't know any spells.
Your spell library contained the following spells:

 Spells                   Type           Power      Damage    Failure   Level
 Magic Dart               Conj           0%         1d3       98%         1
 Slow                     Hex            0%         N/A       99%         2
 Confusing Touch          Hex            0%         N/A       100%        3
 Mephitic Cloud           Conj/Pois/Air  0%         N/A       100%        3
 Vampiric Draining        Necr           0%         2d6       100%        3
 Petrify                  Tmut/Erth      0%         N/A       100%        4
 Irradiate                Conj/Tmut      0%         3d14      100%        5
 Call Imp                 Summ           Unusable   N/A       N/A         2
 Sublimation of Blood     Necr           Unusable   N/A       N/A         2

Dungeon Overview and Level Annotations

Branches:
Dungeon (7/15)             Temple (1/1) D:5

Altars:
Ashenzari
Cheibriados
Dithmenos
Elyvilon
Fedhas
Gozag
Hepliaklqana
Kikubaaqudgha
Makhleb
Nemelex Xobeh
Okawaru
Qazlal
Ru
Sif Muna
Trog
Vehumet
Wu Jian
Yredelemnul
The Shining One

Shops:
D:3 (


Innate Abilities, Weirdness & Mutations

You are immune to sickness and miasma.
Your stone body is resilient. (AC +6)
You are immune to poison.
You resist negative energy. (rN+)
You are resistant to electric shocks. (rElec)
You are resistant to unholy torment.
You are immune to petrification.
You are partially covered in iridescent scales. (AC +2)


Message History

The orc warrior hits you with a +0 scimitar!
You closely miss the orc warrior.
The orc warrior is severely wounded.
You hit the rust devil. You barely miss the orc warrior.
The orc warrior hits you with a +0 hand axe.
The orc warrior hits you with a +0 scimitar!
You closely miss the orc warrior.
The orc warrior is severely wounded.
You slash the orc warrior!
You hit the rust devil but do no damage. x2
The orc warrior hits you but does no damage.
The orc warrior hits you with a +0 scimitar.
The rust devil hits you. The rust devil corrodes you!
The rust devil barely misses you.
You hit the orc warrior.
The orc warrior is almost dead.
You closely miss the orc warrior.
You hit the rust devil but do no damage. x2
The orc warrior hits you with a +0 hand axe!
* * * LOW HITPOINT WARNING * * *
You block the orc warrior's attack. You block the rust devil's attack.
The rust devil closely misses you.
You barely miss the rust devil.
You hit the orc warrior but do no damage. x2
You hit the rust devil.
The orc warrior hits you but does no damage.
The orc warrior hits you with a +0 scimitar.
* * * LOW HITPOINT WARNING * * *
The rust devil hits you. The rust devil corrodes you! The rust devil hits you.
The rust devil corrodes you!
You hit the rust devil but do no damage.
You closely miss the orc warrior. x2; You barely miss the rust devil.
The orc warrior closely misses you. The rust devil hits you.
* * * LOW HITPOINT WARNING * * *
The rust devil corrodes you! You block the orc warrior's attack.
The rust devil hits you.
* * * LOW HITPOINT WARNING * * *
The rust devil corrodes you!
The orc warrior hits you with a +0 hand axe!
You die...

#.# ##..........#
####.#####.#._.....##
##...[...##.........#
.#.##.##.##.......###
.#.##.##.##.#####...###
............##........#####
##.##.##.###...###........#
#.##.##.##..###>###..###.#
#........#.##♣.@4♣##.###.#
####.###...#).oo4.)#..##.# ###
##.###..###.....###.##.#####.#
#...###.# +..8..+ #.........#.
#...###.###.....###....#####.# #
#........#).....)#....<...##.#
####...###..##♣...♣##........##.#
.............###∩###.........##..
.............^.###...............


You could see 2 rust devils and 2 orc warriors.

Vanquished Creatures
  Grinder (D:5)
  2 water moccasins
  An orc warrior (D:6)
  2 ogres
  A phantom (D:7)
  A scorpion (D:7)
  A water moccasin zombie (D:5)
  A water moccasin skeleton (D:5)
  5 killer bees
  A howler monkey (D:5)
  An electric eel (D:6)
  A centaur zombie (D:7)
  2 jellies (D:6)
  4 orc priests
  A bullfrog skeleton (D:5)
  Jessica (D:2)
  2 iguanas (D:5)
  An orc wizard (D:6)
  Robin (D:4)
  7 adders
  2 white imps
  3 ufetubi
  A worm (D:2)
  A dart slug (D:1)
  22 orcs
  4 endoplasms
  5 giant cockroaches
  16 goblins
  13 hobgoblins
  6 jackals
  6 quokkas
  9 ball pythons
  7 bats
  3 frilled lizards
  9 kobolds
  8 rats
152 creatures vanquished.

Notes
Turn   | Place    | Note
-------+----------+-------------------------------------------
     0 | D:1      | bande the Gargoyle Fighter began the quest for the Orb.
     0 | D:1      | Reached XP level 1. HP: 14/14 MP: 1/1
   155 | D:1      | Reached XP level 2. HP: 19/19 MP: 2/2
   241 | D:1      | Found a faded altar of an unknown god.
   591 | D:1      | Reached XP level 3. HP: 23/23 MP: 3/3
  1547 | D:2      | Noticed Jessica
  1558 | D:2      | Killed Jessica
  1559 | D:2      | Reached XP level 4. HP: 19/29 MP: 4/4
  1796 | D:2      | Found an ancient bone altar of Kikubaaqudgha.
  1831 | D:2      | Reached skill level 1 in Evocations
  2422 | D:3      | Found a burning altar of Makhleb.
  2448 | D:3      | Reached XP level 5. HP: 25/33 MP: 5/5
  2560 | D:3      | Found Ystreuc's Weapon Shop.
  3329 | D:3      | Found a glowing golden altar of the Shining One.
  3333 | D:3      | Found a hazy altar of Hepliaklqana.
  3338 | D:3      | Found a shimmering blue altar of Sif Muna.
  3439 | D:4      | Noticed Robin
  3450 | D:4      | Killed Robin
  3588 | D:4      | Noticed a water moccasin
  3595 | D:4      | Killed a water moccasin
  3596 | D:4      | Reached XP level 6. HP: 22/38 MP: 6/6
  4371 | D:5      | Entered Level 5 of the Dungeon
  4655 | D:5      | Found a staircase to the Ecumenical Temple.
  4677 | Temple   | Entered the Ecumenical Temple
  5092 | Temple   | Became a worshipper of Warmaster Okawaru
  5155 | D:5      | Reached XP level 7. HP: 31/43 MP: 7/7
  5308 | D:5      | Noticed Grinder
  5311 | D:5      | Paralysed by Grinder for 2 turns
  5333 | D:5      | Killed Grinder
  5334 | D:5      | Reached skill level 1 in Invocations
  5497 | D:5      | Reached skill level 5 in Armour
  5876 | D:5      | Reached * piety under Okawaru
  5884 | D:5      | Identified the +0 falchion of Red Wine {spect, rF+ Int+2}
  6136 | D:5      | Reached skill level 5 in Axes
  6324 | D:6      | Reached XP level 8. HP: 44/48 MP: 9/9
  6356 | D:6      | Found an ornate altar of the Wu Jian Council.
  6377 | D:6      | Found a snail-covered altar of Cheibriados.
  6555 | D:6      | Gained mutation: Your movements are slightly less
                  | encumbered by armour. (ER -2) [potion of mutation]
  6555 | D:6      | Gained mutation: You are partially covered in iridescent
                  | scales. (AC +2) [potion of mutation]
  6555 | D:6      | Lost mutation: Your movements are slightly less encumbered
                  | by armour. (ER -2) [potion of mutation]
  6754 | D:6      | Found a white marble altar of Elyvilon.
  7969 | D:6      | Reached skill level 5 in Fighting
  8062 | D:7      | Reached ** piety under Okawaru
  8144 | D:7      | Reached skill level 5 in Shields
  8147 | D:7      | Reached XP level 9. HP: 33/54 MP: 11/11
  8331 | D:6      | Noticed a rust devil
  8331 | D:6      | Noticed a rust devil
  8340 | D:6      | HP: 2/54 [rust devil (5)]
  8340 | D:6      | Mangled by an orc warrior

Illustrated notes

Levels and vault maps discovered:
D:1:      roderic_crossed_star, layout_basic, basic_ecumenical_altar
D:2:      layout_loops_cross, basic_altar, grunt_ministairs_4, uniq_jessica
D:3:      layout_rooms, bloody_makhleb, grunt_temple_overflow_diamond,
          serial_shops, shop_statue
D:4:      layout_loops_cross, uniq_robin
D:5:      layout_rooms, minmay_temple_entry_antechambers, abandoned_shop,
          kennysheep_dice, uniq_grinder
D:6:      cheibrodos_iron_armory, layout_loops_cross,
          nicolae_elyvilon_peaceful_grove, grunt_temple_overflow_open,
          serial_rivers, chequers_serial_rivers_room_b,
          chequers_serial_rivers_room_b, chequers_serial_rivers_large_b,
          chequers_serial_rivers_room_a, lightli_minifort
D:7:      layout_rooms
Temple:   minmay_temple_forest_path

Skill      XL: |  1  2  3  4  5  6  7  8  9 |
---------------+----------------------------+-----
Axes           | 2 3 4 5 6 |  6.4
Evocations     | 1 2 3 |  3.9
Armour         | 4 5 6 |  6.0
Shields        | 4 5 |  5.1
Fighting       | 4 5 |  5.2
Invocations    | 2 3 |  3.8
Unarmed Combat | |  0.4

Action                   |  1- 3 |  4- 6 |  7- 9 || total
-------------------------+-------+-------+-------++-------
Melee: War axe           |   123 |   217 |   197 ||   537
       Unarmed           |       |       |     8 ||     8
  Use: Scroll            |       |     2 |     4 ||     6
       Potion            |       |       |     1 ||     1
Armor: Scale mail        |    24 |       |       ||    24
       Chain mail        |    42 |   168 |    83 ||   293
       Skin              |       |       |     1 ||     1
       Plate armour      |       |       |    98 ||    98
Dodge: Dodged            |    44 |   118 |    92 ||   254
Block: Buckler           |    28 |    74 |    65 ||   167

Table legend: (Time is in decaauts)
 A = Elapsed time spent in this place.
 B = Non-inter-level travel time spent in this place.
 C = Inter-level travel time spent in this place.
 D = Time resting spent in this place.
 E = Time spent auto-exploring this place.
 F = Levels seen in this place.
 G = Mean time per level.
                   A        B        C        D        E       F      G
               +--------+--------+--------+--------+--------+-----+--------+
         Total |   8538 |   8430 |    108 |   1963 |   4884 |   8 | 1067.2 |
       Dungeon |   8069 |   8069 |      0 |   1963 |   4545 |   7 | 1152.7 |
        Temple |    468 |    360 |    108 |      0 |    339 |   1 |  468.0 |
               +--------+--------+--------+--------+--------+-----+--------+

Top non-repeatable levels by time:
     D:6: 1639 daAuts
     D:5: 1504 daAuts
     D:1: 1331 daAuts
     D:2: 1156 daAuts
     D:3: 1046 daAuts
     D:4: 948 daAuts
  Temple: 468 daAuts
     D:7: 442 daAuts
